 Dungeon Crawl Stone Soup version 0.30.1-9-gdf580d7c3d (webtiles) character file.

Game seed: 14977139669290484958

98511 Atelerd the Eclecticist (level 16, -3/90 HPs)
             Began as an Octopode Earth Elementalist on Oct 1, 2023.
             Was a High Priest of Sif Muna.
             Killed from afar by an eleionoma (38 damage)
             ... with a spray of wooden splinters
             ... on level 2 of the Swamp.
             The game lasted 01:47:58 (37534 turns).

Atelerd the Eclecticist (OpEE)                     Turns: 37534, Time: 01:47:59

Health: -3/90      AC:  1    Str:  9    XL:     16   Next: 22%
Magic:  30/45      EV: 19    Int: 27    God:    Sif Muna [*****.]
Gold:   1788       SH:  0    Dex: 19    Spells: 15/47 levels left

rFire   . . .        e - staff of cold
rCold   + . .        (no shield)
rNeg    + . .        (helmet restricted)
rPois   +            T - amulet of magic regeneration
rElec   .            b - ring of positive energy
rCorr   .            n - +6 ring of dexterity
SInv    +            (no ring)
Will    ++...        O - ring of willpower
Stlth   ++++++++     k - ring of Fyohoerrist {Wiz Int+4 Stlth+}
HPRegen 0.35/turn    j - ring of see invisible
MPRegen 0.69/turn    z - ring "Liwicu" {rPois MP+9}
                     (no ring)

%: wizardry (x1)
@: about to teleport, marked
A: almost no armour, amphibious, 8 rings, camouflage 1, gelatinous body 1,
(nimble swimmer 1), tentacles
a: Renounce Religion, Channel Magic, Forget Spell, Divine Exegesis


You were on level 2 of the Swamp.
You worshipped Sif Muna.
Sif Muna was extremely pleased with you.
You visited 6 branches of the dungeon, and saw 26 of its levels.

You collected 2847 gold pieces.
You spent 1059 gold pieces at shops.

Inventory:

Hand Weapons
 h - a +0 rapier
 q - a +2 short sword of draining
Missiles
 Q - 2 throwing nets
Magical Staves
 e - a staff of cold (weapon)
Jewellery
 b - a ring of positive energy (left tentacle)
 j - a ring of see invisible (on tentacle)
 k - the ring of Fyohoerrist (on tentacle) {Wiz Int+4 Stlth+}
   (You acquired it on level 4 of the Lair of Beasts)

   [ring of wizardry]

   It improves your spell success rate.
   Int:       It affects your intelligence (+4).
   Stlth:     It makes you more stealthy.
 n - a +6 ring of dexterity (right tentacle)
 x - the amulet of Elemental Vulnerability {rPois rF-- rC-- AC+8}
   (You found it on level 5 of the Dungeon)

   [amulet of nothing]

   AC:        It affects your AC (+8).
   rF:        It makes you very vulnerable to fire.
   rC:        It makes you very vulnerable to cold.
   rPois:     It protects you from poison.
 z - the ring "Liwicu" (on tentacle) {rPois MP+9}
   (You bought it in a shop on level 2 of the Orcish Mines)

   [ring of magical power]

   rPois:     It protects you from poison.
   MP:        It affects your magic capacity (+9).
 O - a ring of willpower (on tentacle)
 T - an amulet of magic regeneration (around mantle)
Wands
 a - a wand of acid (1)
 f - a wand of iceblast (28)
 p - a wand of mindburst (22)
 u - a wand of flame (23)
 H - a wand of digging (12)
 M - a wand of charming (7)
Scrolls
 d - a scroll of fog
 g - 3 scrolls of magic mapping
 i - 7 scrolls of amnesia
 m - 2 scrolls of fear
 s - 4 scrolls of blinking
 t - 4 scrolls of immolation
 v - 2 scrolls of vulnerability
 y - 10 scrolls of teleportation
 C - 2 scrolls of torment
 F - 2 scrolls of brand weapon
 J - a scroll of enchant weapon
 L - 2 scrolls of silence
 N - 3 scrolls of enchant armour
 P - 3 scrolls of poison
Potions
 c - 7 potions of haste
 l - 2 potions of might
 o - 2 potions of magic
 r - 2 potions of invisibility
 w - 2 potions of heal wounds
 A - 6 potions of attraction {unknown}
 B - 2 potions of resistance
 D - a potion of flight
 E - a potion of brilliance
 G - 3 potions of mutation
 I - 20 potions of curing
 K - 2 potions of ambrosia {unknown}
 R - a potion of cancellation {unknown}
 U - a potion of berserk rage


   Skills:
 - Level 2.0 Fighting
 - Level 2.0 Short Blades
 - Level 10.0 Dodging
 - Level 15.0 Stealth
 - Level 0.2 Unarmed Combat
 + Level 16.2 Spellcasting
 - Level 10.0 Conjurations
 - Level 5.0 Summonings
 + Level 4.8 Necromancy
 - Level 1.0 Translocations
 - Level 4.0 Transmutations
 - Level 5.0 Air Magic
 - Level 10.0 Earth Magic
 - Level 1.0 Poison Magic
 - Level 7.0 Invocations


You had 15 spell levels left.
You knew the following spells:

 Your Spells              Type           Power      Damage    Failure   Level
a - Sandblast             Erth           100%       2d20      1%          1
b - Mephitic Cloud        Conj/Pois/Air  50%        N/A       1%          3
c - Blink                 Tloc           54%        N/A       1%          2
o - Orb of Destruction    Conj           33%        9d10      13%         7
p - Petrify               Tmut/Erth      56%        N/A       1%          4
r - Summon Forest         Summ/Tloc      19%        N/A       8%          5
u - Freezing Cloud        Conj/Ice/Air   32%        6-21      3%          5
v - Borgnjor's Vile Clut  Necr/Erth      29%        N/A       1%          5

Your spell library contained the following spells:

 Spells                   Type           Power      Damage    Failure   Level
 Foxfire                  Conj/Fire      100%       2x1d9     1%          1
 Magic Dart               Conj           100%       1d8       1%          1
 Call Imp                 Summ           96%        N/A       1%          2
 Cigotuvi's Dreadful Rot  Necr/Pois/Air  82%        N/A       1%          2
 Lesser Beckoning         Tloc           54%        N/A       1%          2
 Momentum Strike          Conj/Tloc      100%       3d10      1%          2
 Passwall                 Tmut/Erth      46%        N/A       1%          2
 Poisonous Vapours        Pois/Air       76%        N/A       1%          2
 Call Canine Familiar     Summ           48%        N/A       1%          3
 Gell's Gravitas          Tloc           27%        N/A       1%          3
 Stone Arrow              Conj/Erth      100%       3d13      1%          3
 Summon Guardian Golem    Hex/Summ       35%        N/A       1%          3
 Teleport Other           Tloc           27%        N/A       1%          3
 Dispel Undead            Necr           48%        3d18      1%          4
 Leda's Liquefaction      Hex/Erth       24%        N/A       1%          4
 Arcjolt                  Conj/Air       29%        1d39      1%          5
 Irradiate                Conj/Tmut      28%        3d21      1%          5
 Portal Projectile        Hex/Tloc       48%        N/A       2%          3
 Fireball                 Conj/Fire      24%        3d11      3%          5
 Blade Hands              Tmut           21%        N/A       4%          5
 Alistair's Intoxication  Tmut/Pois      23%        N/A       9%          5
 Summon Mana Viper        Hex/Summ       35%        N/A       9%          5
 Starburst                Conj/Fire      24%        6d8       17%         6
 Death Channel            Necr           24%        N/A       19%         6
 Spellforged Servitor     Conj/Summ      29%        N/A       32%         7
 Eringya's Noxious Bog    Tmut/Pois      17%        N/A       43%         6
 Plasma Beam              Fire/Air       17%        2x1d32    43%         6
 Dispersal                Tloc           13%        N/A       65%         6


Dungeon Overview and Level Annotations

Branches:
Dungeon (15/15)            Temple (1/1) D:5            Lair (5/5) D:9
  Swamp (2/4) Lair:3        Snake (0/4) Lair:3        Slime (0/5) Lair:5
    Orc (2/2) D:12            Elf (1/3) Orc:2        Vaults (0/5) D:14
 Depths (0/4) D:15

Altars:
Ashenzari
Cheibriados
Dithmenos
Elyvilon
Fedhas
Gozag
Hepliaklqana
Kikubaaqudgha
Makhleb
Nemelex Xobeh
Okawaru
Qazlal
Ru
Sif Muna
Trog
Uskayaw
Vehumet
Wu Jian
Xom
Yredelemnul
Zin
The Shining One

Shops:
D:2 *::*   D:13 *   Orc:1 (   Orc:2 [!*=(

Annotations:
D:7 exclusion: 2 downstairs
D:8 exclusion: downstairs
D:11 exclusion: downstairs
D:13 exclusion: 2 downstairs
Lair:1 exclusion: downstairs
Lair:2 exclusions: downstairs and 4 oklob plants
Swamp:1 1 runed translucent door, Lehaiguk's ghost, journeyman GnSk


Innate Abilities, Weirdness & Mutations

You cannot wear most types of armour.
You are amphibious.
You can wear up to eight rings at the same time.
Your skin changes colour to match your surroundings (Stealth+).
Your rubbery body absorbs attacks. (AC +1, EV +1)
((You are camouflaged when in or above water. (Stealth+)))
You have tentacles for arms and can constrict up to eight enemies at once.


Message History

You destroy the vampire mosquito!
Sif Muna accepts your kill.
The vampire mosquito is engulfed in freezing vapours.
The eleionoma splashes around in the water.
The vampire mosquito is engulfed in freezing vapours.
A vampire mosquito comes into view.
The blast of sand misses the vampire mosquito.
The vampire mosquito closely misses you.
A vampire mosquito comes into view.
The vampire mosquito completely misses you.
The ice dragon is engulfed in freezing vapours.
The eleionoma misses you. The vampire mosquito bites you!
The vampire mosquito draws strength from your injuries!
The eleionoma hits you but does no damage.
The ice dragon is engulfed in freezing vapours.
The vampire mosquito is engulfed in freezing vapours.
As you read the scroll of teleportation, it crumbles to dust.
You feel strangely unstable.
The vampire mosquito completely misses you.
The vampire mosquito is engulfed in freezing vapours.
The vampire mosquito barely misses you.
The vampire mosquito is engulfed in freezing vapours.
The eleionoma hits you!
The vampire mosquito is engulfed in freezing vapours.
Unknown command.
The vampire mosquito attacks as you move away!
The vampire mosquito closely misses you.
The vampire mosquito is engulfed in freezing vapours. x2
You destroy the vampire mosquito!
Sif Muna accepts your kill.
The vampire mosquito completely misses you.
The vampire mosquito is engulfed in freezing vapours.
The eleionoma hurls a spray of splinters at you.
The spray of wooden splinters hits you!!
The ice dragon is engulfed in freezing vapours.
The vampire mosquito is engulfed in freezing vapours.
The vampire mosquito barely misses you.
The eleionoma hurls a spray of splinters at you.
The spray of wooden splinters hits you!!!
You die...

*,~,,~,*,*** ♣~~~~(.
♣~~.~.♣..~.** ♣~♣~~~.
♣♣~..?~.~..,,* ♣.♣~~~~
♣..~.~.~..~~**♣♣~~~~~~
♣♣...~...~♣***♣♣.~.~~~~
♣.~.~~....♣♣♣♣♣....†...
♣♣~~.......♣♣~♣.†...~.♣~
♣~~.~$~.~~~♣..~........♣
**.♣~./@..♣♣.~...♣.~~♣..
*♣~..♣y.R...~..♣♣.~~~~~
♣~.~.~y..§~.~.♣♣.~.♣~§~
♣♣~....§~§§.~.♣♣.~..~~.
*♣.§§§~§D§§..~♣.....♣♣~
*♣.§§§§.§§§♣♣♣♣♣♣♣♣♣♣♣♣♣
*~.§§§☼.§§§♣ *****
*♣.§§§..§§§♣**,,∩*
*.~.~§§..§§♣*,*,,*


You could see an ice dragon, an eleionoma and 2 vampire mosquitoes.

Vanquished Creatures
  Rupert (D:15)
  Agnes (D:15)
  Kirke (D:15)
  A fenstrider witch (Swamp:1)
  2 orc warlords (Orc:2)
  Nessos (D:14)
  A dire elephant (D:15)
  A bunyip (Swamp:2)
  An eleionoma (Swamp:2)
  A deep elf death mage (Elf:1)
  Fannar (Lair:3)
  Harold (D:11)
  4 centaur warriors
  A vault guard (D:14)
  14 hydras
  2 catoblepae (Lair:5)
  4 boulder beetles
  A dancing weapon (Elf:1)
  3 death yaks (Lair:5)
  8 two-headed ogres
  An orc high priest (Orc:2)
  A tengu warrior (D:15)
  A deep elf knight (Elf:1)
  Nergalle (Lair:1)
  A skyshark (Lair:2)
  An iron troll (D:14)
  A swamp dragon (Swamp:1)
  6 orc knights
  2 deep elf archers (Elf:1)
  A lindwurm (Lair:5)
  2 deep elf zephyrmancers (Elf:1)
  A wolf spider (D:15)
  7 deep elf pyromancers
  4 manticores
  2 orc sorcerers (Orc:2)
  A salamander (D:15)
  6 cyclopes
  8 ugly things
  4 elephants (Lair:5)
  7 black mambas
  14 cane toads
  A torpor snail (Lair:5)
  A gargoyle (D:10)
  An unseen horror (D:12)
  3 rime drakes
  An efreet (D:14)
  6 komodo dragons
  A freezing wraith (D:15)
  A yaktaur (shapeshifter) (D:13)
  3 meliai (D:15)
  6 trolls
  A polar bear (Lair:5)
  A queen bee (D:15)
  A bloated husk (Swamp:1)
  15 blink frogs
  Prince Ribbit (D:5)
  Grinder (D:5)
  3 hornets
  3 tyrant leeches (Swamp:1)
  3 dream sheep (Lair:5)
  9 slime creatures
  A jumping spider (shapeshifter) (D:13)
  A water elemental (Elf:1)
  A shadow (D:10)
  Sigmund (D:2)
  An air elemental (Elf:1)
  A human (D:15)
  A vampire (D:10)
  5 wraiths
  4 basilisks
  2 golden eyes (shapeshifter)
  2 spriggans (Swamp:1)
  26 yaks
  5 wyverns
  A steam dragon (D:8)
  18 vampire mosquitoes
  2 hogs (D:15)
  3 nagas (Lair:3)
  3 wargs (Orc:2)
  7 swamp worms
  10 water moccasins
  A floating eye (Lair:2)
  41 orc warriors
  3 swamp drakes
  7 ice beasts
  2 sky beasts
  8 ogres
  2 black bears
  17 wolves
  A boggart (D:11)
  6 centaurs
  2 phantoms (D:5)
  13 bullfrogs
  7 scorpions
  8 wights
  21 killer bees
  An electric eel (Lair:1)
  4 howler monkeys
  4 hounds
  2 gnoll boudas
  17 orc priests
  4 jellies
  Ijyb (D:4)
  2 sleepcaps (D:6)
  9 iguanas
  20 orc wizards
  5 hell rats
  6 gnolls
  12 adders
  A shadow imp (D:6)
  2 white imps (D:7)
  An ufetubus (D:7)
  3 dart slugs
  67 orcs
  14 bats
  10 endoplasms
  5 giant cockroaches
  5 goblins
  5 hobgoblins
  9 kobolds
  5 quokkas
  7 ball pythons
  7 frilled lizards
  3 rats
  A butterfly (Lair:3)
650 creatures vanquished.

Vanquished Creatures (collateral kills)
  A basilisk (Lair:4)
  Menkaure (D:5)
  A white imp (D:7)
  A dart slug (D:5)
4 creatures vanquished.

Vanquished Creatures (others)
  A yak (D:10)
  A human (D:15)
  A wight (D:7)
  A quokka (D:11)
4 creatures vanquished.

Grand Total: 658 creatures vanquished

Notes
Turn   | Place    | Note
-------+----------+-------------------------------------------
     0 | D:1      | Atelerd the Octopode Earth Elementalist began the quest for
                  | the Orb.
     0 | D:1      | Reached XP level 1. HP: 11/11 MP: 3/3
    93 | D:1      | Found a faded altar of an unknown god.
   163 | D:1      | Reached XP level 2. HP: 17/17 MP: 3/5
   532 | D:1      | Reached XP level 3. HP: 18/21 MP: 4/6
  1036 | D:2      | Found Reizaoz's Book Emporium.
  1104 | D:2      | Found Uthreblek's Assorted Antiques.
  1324 | D:2      | Found Yrit's Book Boutique.
  1343 | D:2      | Found Jiffuyb's General Store.
  1508 | D:2      | Reached XP level 4. HP: 19/27 MP: 7/7
  1785 | D:2      | Noticed Sigmund
  1792 | D:2      | Learned a level 4 spell: Petrify
  2093 | D:3      | Found a sparkling altar of Nemelex Xobeh.
  2591 | D:4      | Found a snail-covered altar of Cheibriados.
  2628 | D:4      | Reached XP level 5. HP: 31/31 MP: 6/9
  2734 | D:4      | Reached skill level 3 in Spellcasting
  2887 | D:4      | Reached XP level 6. HP: 36/36 MP: 7/10
  2947 | D:4      | Identified the +6 scale mail of the Big Bang {Harm rC+ MP+9
                  | Dex+2}
  3273 | D:4      | Learned a level 3 spell: Mephitic Cloud
  3276 | D:4      | Learned a level 2 spell: Blink
  3510 | D:4      | Noticed Ijyb
  3525 | D:4      | Killed Ijyb
  3774 | D:5      | Entered Level 5 of the Dungeon
  3776 | D:5      | Found the amulet of Elemental Vulnerability {rPois rF--
                  | rC-- AC+8}
  3799 | D:5      | Reached skill level 5 in Stealth
  3799 | D:5      | Reached XP level 7. HP: 24/41 MP: 7/12
  3886 | D:5      | Noticed Prince Ribbit
  3886 | D:5      | Noticed Menkaure
  3905 | D:5      | Killed Menkaure
  4067 | D:6      | Reached skill level 5 in Earth Magic
  4119 | D:6      | Reached skill level 4 in Spellcasting
  4264 | D:6      | Noticed a troll
  4743 | D:8      | Noticed a steam dragon
  4758 | D:8      | Killed a steam dragon
  4759 | D:8      | Reached XP level 8. HP: 8/46 MP: 5/15
  4954 | D:8      | Noticed a yak
  4954 | D:8      | Noticed a yak
  4954 | D:8      | Noticed a two-headed ogre
  5051 | D:8      | Killed a two-headed ogre
  5052 | D:8      | Reached skill level 5 in Spellcasting
  5066 | D:8      | Noticed a yak
  5380 | D:6      | Reached XP level 9. HP: 51/51 MP: 12/17
  5691 | D:5      | Reached skill level 6 in Spellcasting
  5762 | D:5      | Reached skill level 10 in Stealth
  6082 | D:5      | Killed Prince Ribbit
  6222 | D:5      | Found a staircase to the Ecumenical Temple.
  6245 | D:5      | Reached skill level 7 in Spellcasting
  6250 | Temple   | Entered the Ecumenical Temple
  6387 | D:2      | Killed Sigmund
  6606 | D:5      | Noticed Grinder
  6618 | D:5      | Killed Grinder
  6858 | D:6      | Reached skill level 8 in Spellcasting
  7509 | D:6      | Killed a troll
  7510 | D:6      | Reached skill level 9 in Spellcasting
  7510 | D:6      | Reached XP level 10. HP: 56/56 MP: 14/23
  8272 | D:7      | Identified the +0 pair of gloves "Nilyschae" {rPois Str+3
                  | Stlth-}
  8900 | D:8      | Noticed a skeletal warrior
  9462 | D:7      | Reached skill level 1 in Fighting
  9462 | D:7      | Reached skill level 10 in Spellcasting
  9462 | D:7      | Reached skill level 1 in Air Magic
  9636 | D:8      | Reached skill level 1 in Conjurations
  9695 | D:8      | Noticed a skeletal warrior
 10661 | D:9      | Found a staircase to the Lair.
 10698 | D:9      | Noticed a two-headed ogre
 10766 | D:8      | Noticed a skeletal warrior
 10771 | D:8      | Noticed a skeletal warrior
 11141 | D:9      | Reached XP level 11. HP: 44/64 MP: 14/25
 11213 | D:10     | Entered Level 10 of the Dungeon
 11233 | D:10     | Reached skill level 5 in Dodging
 11441 | D:9      | Killed a two-headed ogre
 11847 | D:10     | Identified the +2 scale mail of the Teacher {rN+}
 12260 | D:10     | Found a shimmering blue altar of Sif Muna.
 12272 | D:10     | Became a worshipper of Sif Muna the Loreminder
 12324 | D:10     | Noticed a two-headed ogre
 12460 | D:10     | Killed a two-headed ogre
 12624 | D:11     | Noticed a cyclops
 12627 | D:11     | Killed a cyclops
 12843 | D:11     | Noticed a two-headed ogre
 12854 | D:11     | Killed a two-headed ogre
 12948 | D:11     | Noticed a two-headed ogre
 13589 | D:9      | Reached * piety under Sif Muna
 13771 | Lair:1   | Entered Level 1 of the Lair of Beasts
 13783 | Lair:1   | Reached skill level 1 in Invocations
 13825 | Lair:1   | Reached skill level 10 in Earth Magic
 13889 | Lair:1   | Reached XP level 12. HP: 70/70 MP: 26/26
 14181 | Lair:1   | Noticed Nergalle
 14258 | Lair:1   | Killed Nergalle
 14992 | Lair:2   | Noticed a skyshark
 15004 | Lair:2   | Killed a skyshark
 15087 | Lair:2   | Reached skill level 5 in Invocations
 15164 | Lair:2   | Reached skill level 10 in Dodging
 15324 | Lair:2   | Noticed a five-headed hydra
 15336 | Lair:2   | Killed a five-headed hydra
 15337 | Lair:2   | Reached skill level 1 in Translocations
 15337 | Lair:2   | Reached skill level 1 in Poison Magic
 15868 | Lair:2   | Reached ** piety under Sif Muna
 16536 | Lair:3   | Noticed a six-headed hydra
 16536 | Lair:3   | Noticed Fannar
 16754 | Lair:3   | Found a staircase to the Snake Pit.
 17152 | Lair:3   | Noticed a six-headed hydra
 17171 | Lair:3   | Killed a six-headed hydra
 17202 | Lair:3   | Found a staircase to the Swamp.
 17278 | Lair:3   | Reached XP level 13. HP: 48/74 MP: 18/27
 17651 | Lair:3   | Reached skill level 5 in Conjurations
 17963 | Lair:3   | Reached skill level 5 in Air Magic
 18558 | Lair:5   | Entered Level 5 of the Lair of Beasts
 18985 | Lair:4   | Reached skill level 11 in Spellcasting
 19435 | Lair:4   | Identified a scroll of acquirement
 19435 | Lair:4   | Acquired the ring of Fyohoerrist {Wiz Int+4 Stlth+}
 19758 | D:2      | Bought a potion of curing for 30 gold pieces
 19758 | D:2      | Bought a potion of haste for 100 gold pieces
 19832 | D:2      | Bought a scroll of blinking for 225 gold pieces
 21098 | D:11     | Found a white marble altar of Elyvilon.
 21135 | D:11     | Noticed Harold
 21201 | D:12     | HP: 3/74 [boulder beetle (26)]
 21801 | D:13     | Reached *** piety under Sif Muna
 21978 | D:13     | Found Hiomesauq's Assorted Antiques.
 22297 | D:13     | Learned a level 7 spell: Orb of Destruction
 23037 | D:14     | Noticed a vault guard
 23298 | D:14     | Reached XP level 14. HP: 58/81 MP: 19/29
 23343 | D:14     | Noticed Nessos
 23348 | D:14     | HP: 3/81 [Nessos/arrow (10)]
 23357 | D:14     | Killed Nessos
 23358 | D:14     | Reached skill level 10 in Conjurations
 23397 | D:14     | Reached skill level 12 in Spellcasting
 23485 | D:14     | Learned a level 5 spell: Freezing Cloud
 24200 | D:14     | Found a gate to the Vaults.
 24613 | D:12     | Found a staircase to the Orcish Mines.
 24958 | D:12     | Reached skill level 13 in Spellcasting
 25454 | Orc:1    | Entered Level 1 of the Orcish Mines
 25749 | Orc:2    | Entered Level 2 of the Orcish Mines
 25758 | Orc:2    | Reached **** piety under Sif Muna
 26018 | Orc:1    | Learned a level 5 spell: Borgnjor's Vile Clutch
 26202 | Orc:1    | Found Cibruip's Weapon Emporium.
 26220 | Orc:1    | Reached skill level 1 in Necromancy
 26355 | Orc:2    | Found a staircase to the Elven Halls.
 26857 | Orc:2    | Found Ymmetauh's General Store.
 26946 | Orc:2    | Noticed an orc warlord
 26994 | Orc:2    | Killed an orc warlord
 27350 | Orc:2    | Found Zeytun's Antique Weapon Shoppe.
 27475 | Orc:2    | Found Haupim's Jewellery Emporium.
 27483 | Orc:2    | Bought the ring "Liwicu" {rPois MP+9} for 374 gold pieces
 27527 | Orc:2    | Noticed an orc warlord
 27768 | Orc:2    | Reached skill level 14 in Spellcasting
 27824 | Orc:2    | Found Poclolul's Antique Armour Shop.
 28084 | Orc:2    | Found Arickargh's Distillery.
 28094 | Orc:2    | Bought a potion of heal wounds for 75 gold pieces
 28094 | Orc:2    | Bought a potion of invisibility for 120 gold pieces
 28094 | Orc:2    | Bought a potion of curing for 45 gold pieces
 28094 | Orc:2    | Bought 2 potions of curing for 90 gold pieces
 28526 | Orc:2    | Killed an orc warlord
 29079 | Elf:1    | Entered Level 1 of the Elven Halls
 29324 | Elf:1    | Reached XP level 15. HP: 23/85 MP: 29/33
 29577 | Elf:1    | Reached skill level 15 in Spellcasting
 29901 | Lair:3   | Killed Fannar
 30250 | Lair:5   | Found a staircase to the Slime Pits.
 31153 | Lair:5   | Reached ***** piety under Sif Muna
 32507 | D:11     | Killed Harold
 33458 | D:15     | Entered Level 15 of the Dungeon
 33482 | D:15     | Noticed Agnes
 33491 | D:15     | Killed Agnes
 33725 | D:15     | Received a gift from Sif Muna
 33855 | D:15     | Got Sif Muna's Sophisticated Theurgy {god gift}
 33862 | D:15     | Learned a level 5 spell: Summon Forest
 34032 | D:15     | Noticed Rupert
 34056 | D:15     | Killed Rupert
 34057 | D:15     | Reached skill level 1 in Summonings
 34255 | D:15     | Noticed Kirke
 34261 | D:15     | Killed Kirke
 34608 | D:15     | Found a staircase to the Depths.
 34973 | D:15     | HP: 2/85 [tengu warrior/bolt (30)]
 34974 | D:15     | Reached skill level 16 in Spellcasting
 35295 | D:15     | Reached skill level 15 in Stealth
 35295 | D:15     | Reached XP level 16. HP: 76/90 MP: 14/36
 36233 | Swamp:1  | Entered Level 1 of the Swamp
 36404 | Swamp:1  | Found a runed translucent door.
 36407 | Swamp:1  | Noticed Lehaiguk's ghost (journeyman GnSk)
 36409 | Swamp:1  | Identified the +10 spear of Conformity {flame, rElec Dex+6}
 37089 | Swamp:1  | Noticed a fenstrider witch
 37092 | Swamp:1  | Killed a fenstrider witch
 37491 | Swamp:2  | Reached skill level 5 in Summonings
 37534 | Swamp:2  | Killed from afar by an eleionoma

Illustrated notes

Levels and vault maps discovered:
D:1:      dpeg_arrival_rooms_b, layout_basic,
          ebering_ecumenical_altar_petrified, dreamdust_princess_bridge
D:2:      layout_basic, serial_shops, nicolae_shop_stone, nicolae_shop_trees,
          nicolae_book_shop_shelving, nicolae_shop_stone, serial_bayou_pond_b,
          minmay_misc_feat_doors, uniq_sigmund
D:3:      layout_basic, amcnicky_altar_gilded
D:4:      layout_gridville, mainiacjoe_overflow_surrounded_room,
          minmay_misc_feat_nine_boxes, minivault_11, minivault_14,
          nicolae_concentric_dashed_squares_wild, minmay_misc_feat_four_crosses,
          minmay_increasing_density, uniq_ijyb
D:5:      layout_loops_ring, minmay_temple_entry_statues_pillars, uniq_grinder,
          uniq_prince_ribbit1, uniq_menkaure
D:6:      old_forge, layout_rooms
D:7:      layout_loops_ring
D:8:      layout_loops_cross, grunt_decor_resistance, lemuel_flame_loot_1
D:9:      layout_irregular_city, hellmonk_lair_entry_icy
D:10:     layout_loops_ring, kennysheep_orc_sif_temple, nrook_mini_vaults
D:11:     hangedman_cross_stitches, layout_basic, elyvilon_altar_4, uniq_harold
D:12:     layout_cross, david_orc_3, billiards_dpeg
D:13:     layout_loops_corners, serial_shops, nicolae_shop_tiny_glass,
          chequers_mini_garden, hangedman_decor_lopped, minivault_23
D:14:     layout_rooms, david_vaults_4, skrybe_limestone_x, uniq_nessos
D:15:     hangedman_depths_entry_try_elsewhere_first, layout_basic,
          chequers_serial_rivers_micro_d, nicolae_looking_at_the_future,
          uniq_agnes, uniq_kirke, uniq_rupert
Temple:   hellmonk_temple_of_storms
Lair:1:   layout_concentric_octagons, nicolae_lair_lil_pond, st_stairs_5,
          infiniplex_staircase_pool, grunt_megastairs_5, serial_bayou_shore_b,
          lemuel_fruit_tree, uniq_nergalle
Lair:2:   layout_cave_pods, disabler_island, lemuel_fruit_fields,
          lemuel_fruit_fields
Lair:3:   layout_regular_city, swamp_mist, nicolae_snake_entry_squirm,
          lemuel_fruit_fields, uniq_fannar
Lair:4:   layout_misc_corridors
Lair:5:   hangedman_lair_in_review, layout_concentric_octagons,
          nicolae_slime_entry_slimehenge, serial_bayou_shore_b
Swamp:1:  layout_basic_swamp, ebering_ghost_funeral_grove,
          evilmike_swamp_ruin_house_5
Swamp:2:  layout_falls_marsh, portal_ice_cave_entry_dragon,
          evilmike_swamp_ruin_house_4, swamp_pool1
Orc:1:    layout_diamond_mine, serial_shops, shop
Orc:2:    grunt_orc_gardens, layout_caves, grunt_orc_garden, grunt_orc_garden,
          grunt_orc_garden, grunt_orc_garden, serial_shops, shop
Elf:1:    layout_gridlike, hangedman_elf_disciples, onia_ninara_cookie,
          hangedman_decor_cross_pass, minmay_shop_star

Skill      XL: |  1  2  3  4  5  6  7  8  9 10 11 12 13 14 15 16 |
---------------+-------------------------------------------------+-----
Stealth        | 3 4 5 6 9 10 11 12 15 | 15.0
Transmutations | 2 3 4 |  4.0
Earth Magic    | 4 5 6 7 10 | 10.0
Spellcasting   | 3 4 5 9 10 11 14 16 | 16.2
Short Blades   | 2 |  2.0
Fighting       | 2 |  2.0
Air Magic      | 3 4 5 |  5.0
Conjurations   | 3 4 9 10 | 10.0
Dodging        | 4 8 10 | 10.0
Invocations    | 1 5 7 |  7.0
Translocations | 1 |  1.0
Poison Magic   | 1 |  1.0
Necromancy     | 3 4 |  4.8
Summonings     | 3 5 |  5.0
Unarmed Combat | |  0.2

Action                     |  1- 3 |  4- 6 |  7- 9 | 10-12 | 13-15 | 16-18 || total
---------------------------+-------+-------+-------+-------+-------+-------++-------
  Melee: Unarmed           |    30 |       |       |       |       |       ||    30
         Constrict         |     9 |    10 |    16 |    37 |    35 |     1 ||   108
         Tentacles         |     9 |     8 |    26 |    73 |    70 |       ||   186
         Rapier            |    19 |    58 |    24 |       |       |       ||   101
         Punch             |       |       |     2 |     7 |     6 |       ||    15
         Short sword       |       |       |    56 |   244 |   231 |     6 ||   537
         Staff             |       |       |       |       |     1 |       ||     1
   Cast: Sandblast         |    32 |    37 |    58 |   137 |   233 |    32 ||   529
         Petrify           |       |     3 |    45 |   152 |   195 |     5 ||   400
         Blink             |       |       |     7 |    10 |    25 |       ||    42
         Mephitic Cloud    |       |       |       |    12 |    22 |       ||    34
         Freezing Cloud    |       |       |       |       |   131 |    15 ||   146
         Borgnjor's Vile C |       |       |       |       |   104 |    31 ||   135
         Orb of Destructio |       |       |       |       |     7 |     4 ||    11
 Invoke: Channel Magic     |       |       |       |       |    13 |       ||    13
  Evoke: Wand              |       |       |     3 |    16 |    17 |       ||    36
    Use: Potion            |     1 |     2 |     1 |     1 |    10 |       ||    15
         Scroll            |       |       |     5 |     8 |    16 |     4 ||    33
   Stab: Sleeping          |     3 |    13 |     7 |    29 |    17 |     4 ||    73
         Distracted        |       |     1 |       |       |       |       ||     1
         Petrified         |       |     9 |    41 |   124 |   137 |     2 ||   313
         Petrifying        |       |     1 |     3 |     8 |     6 |       ||    18
         Held in net/web   |       |       |     1 |       |       |       ||     1
         Confused          |       |       |       |       |     5 |       ||     5
 Armour: Skin              |     6 |    10 |    12 |    22 |    40 |     1 ||    91
  Dodge: Dodged            |    47 |    38 |    48 |   187 |   245 |    19 ||   584
